 Dungeon Crawl Stone Soup version 0.28-a0-1622-gc30f734a66 (webtiles) character file.

Game seed: 15951673771802031245

214 Ordine the Skirmisher (level 5, -8/34 HPs)
             Began as a Gargoyle Fighter on Jan 22, 2022.
             Killed by divine providence
             ... invoked by an orc priest
              (16 damage)
             ... on level 4 of the Dungeon on Jan 23, 2022.
             The game lasted 00:09:20 (3029 turns).

Ordine the Skirmisher (Gargoyle Fighter)            Turns: 3029, Time: 00:09:21

Health: -8/34      AC: 19    Str: 21    XL:     5   Next: 92%
Magic:  5/5        EV:  7    Int:  9    God:
Gold:   87         SH:  4    Dex:  9    Spells: 4/4 levels left

rFire   . . .      SeeInvis .   a - +0 flail
rCold   + . .      Faith    .   c - +0 buckler
rNeg    + . .      Spirit   .   j - +0 chain mail
rPois   ∞          Reflect  .   (no helmet)
rElec   +          Harm     .   k - +0 cloak
rCorr   .          Rampage  .   o - +0 pair of gloves
Will    .....                   (no boots)
Stlth   ..........              (no amulet)
HPRegen 0.11/turn               l - +4 ring of protection
MPRegen 0.09/turn               m - ring of protection from cold

@: flying
A: sickness immunity, AC +4, negative energy resistance 1, electricity
resistance, torment resistance 1, petrification resistance
a: no special abilities


You were on level 4 of the Dungeon.
You visited 1 branch of the dungeon, and saw 4 of its levels.

You collected 87 gold pieces.

Inventory:

Hand Weapons
 a - a +0 flail (weapon)
Armour
 c - a +0 buckler (worn)
 j - a +0 chain mail (worn)
 k - a +0 cloak (worn)
 o - a +0 pair of gloves (worn)
Jewellery
 l - a +4 ring of protection (left hand)
 m - a ring of protection from cold (right hand)
Scrolls
 b - a scroll of magic mapping {unknown}
 f - a scroll of enchant armour {unknown}
 g - a scroll of identify {unknown}
 h - 2 scrolls of blinking {unknown}
 i - a scroll of amnesia {unknown}
 n - a scroll of vulnerability {unknown}
Potions
 d - a potion of might
 e - 2 potions of flight


   Skills:
 + Level 4.5 Fighting
 * Level 4.3 Maces & Flails
 - Level 4.0 Armour
 - Level 4.0 Shields


You had 4 spell levels left.
You didn't know any spells.
Your spell library was empty.

Dungeon Overview and Level Annotations

Branches:
Dungeon (4/15)
 Temple: D:4-7

Altars:

Shops:
D:4 !??

Annotations:
D:1 flight


Innate Abilities, Weirdness & Mutations

You are immune to sickness and miasma.
Your stone body is resilient. (AC +4)
You are immune to poison.
You resist negative energy. (rN+)
You are resistant to electric shocks. (rElec)
You are resistant to unholy torment.
You are immune to petrification.


Message History

* * * LOW HITPOINT WARNING * * *
Found a whip.
Something unseen opens the door.
The hound bites you but does no damage.
The orc priest looks satisfied for a moment.
A kobold comes into view. It is wielding a +0 short sword.
Found a stone staircase leading down.
The kobold shouts!
You block the ball python's attack. The ball python completely misses you.
You block the hound's attack.
The orc priest looks satisfied for a moment.
The ball python barely misses you. The ball python grabs you.
The ball python constricts you.
You escape the ball python's grasp.
The kobold hits you but does no damage. The hound bites you but does no damage.
The orc priest miscasts a cantrip.
You block the hound's attack.
There is an entrance to Okledaq's Distillery here.
The hound bites you but does no damage.
You see here a +0 whip.
Found a scroll labelled AZA QEOMEZXOVU.
You block the hound's attack.
You are too injured to fight recklessly!
You closely miss the hound. The hound bites you but does no damage.
The hound bites you.
* * * LOW HITPOINT WARNING * * *
It was a potion of flight.
You feel very buoyant.
You fly up into the air.
The hound bites you but does no damage. You block the hound's attack.
Found 14 stones.
You block the orc priest's attack.
The orc cheers loudly.
The hound bites you but does no damage. The hound bites you but does no damage.
Something unseen opens the door.
You block the orc priest's attack. You block the hound's attack.
The hound pauses to sniff the ground.
The hound barely misses you.
The orc priest invokes the aid of Beogh against you.
Beogh smites you!
You die...

############ #..........#
#..........##
#............
######.(..........
#.......S.........
#........h@.......
#.......o#######..
#.?......# ......
#.....o.)## ......S
#...K........ ........
#...o.....### #........
##..o......### ...#..o#
#............ ..#o#.(..
#.#'##'###.#####.#...#...


You could see a hound, an orc priest, 3 orcs, a ball python and a kobold.

Vanquished Creatures
  An ogre (D:3)
  7 adders
  2 dart slugs
  An orc (D:3)
  8 endoplasms
  4 goblins
  3 hobgoblins (D:3)
  8 jackals
  9 kobolds
  9 ball pythons
  2 bats
  A frilled lizard (D:1)
  3 rats
58 creatures vanquished.

Notes
Turn   | Place    | Note
-------+----------+-------------------------------------------
     0 | D:1      | Ordine the Gargoyle Fighter began the quest for the Orb.
     0 | D:1      | Reached XP level 1. HP: 14/14 MP: 1/1
   159 | D:1      | Reached XP level 2. HP: 19/19 MP: 2/2
   545 | D:1      | Found a faded altar of an unknown god.
  1246 | D:2      | Reached XP level 3. HP: 23/23 MP: 3/3
  1510 | D:2      | Reached XP level 4. HP: 29/29 MP: 4/4
  1652 | D:2      | You fall into a shaft and drop 2 floors!
  1652 | D:4      | Found Omnius's Magic Scroll Shop.
  1655 | D:4      | Found Gedwic's Magic Scroll Boutique.
  1830 | D:3      | Upgraded the game from 0.28-a0-1616-g050a50673c to
                  | 0.28-a0-1622-gc30f734a66
  1913 | D:3      | Noticed an ogre
  1924 | D:3      | Killed an ogre
  1925 | D:3      | Reached XP level 5. HP: 23/34 MP: 5/5
  2998 | D:4      | Found Okledaq's Distillery.
  3029 | D:4      | Killed from afar by an orc priest

Illustrated notes

Levels and vault maps discovered:
D:1:      lemuel_arrival_lava_pool, layout_loops_corners,
          dreamdust_ecumenical_altar_angels_and_demons
D:2:      layout_rooms, minmay_stone_trees_small
D:3:      layout_basic, roderic_roman_lattice
D:4:      layout_basic, chei_slow_surprise, serial_shops, shop,
          nicolae_shop_trees, nicolae_diamond_shop

Skill      XL: |  1  2  3  4 |
---------------+-------------+-----
Maces & Flails | 3 4 |  4.3
Shields        | 4 |  4.0
Fighting       | 4 |  4.5
Armour         | 4 |  4.0

Action                   |  1- 3 |  4- 6 || total
-------------------------+-------+-------++-------
Melee: Flail             |    79 |   139 ||   218
  Use: Potion            |       |     1 ||     1
Armor: Scale mail        |    21 |       ||    21
       Chain mail        |    22 |   103 ||   125
Dodge: Dodged            |    26 |    54 ||    80
Block: Buckler           |    22 |    45 ||    67

Table legend: (Time is in decaauts)
 A = Elapsed time spent in this place.
 B = Non-inter-level travel time spent in this place.
 C = Inter-level travel time spent in this place.
 D = Time resting spent in this place.
 E = Time spent auto-exploring this place.
 F = Levels seen in this place.
 G = Mean time per level.
                   A        B        C        D        E       F      G
               +--------+--------+--------+--------+--------+-----+--------+
         Total |   3089 |   2990 |     99 |    240 |   2203 |   4 |  772.2 |
       Dungeon |   3089 |   2990 |     99 |    240 |   2203 |   4 |  772.2 |
               +--------+--------+--------+--------+--------+-----+--------+

Top non-repeatable levels by time:
     D:3: 1346 daAuts
     D:1: 1250 daAuts
     D:2: 430 daAuts
     D:4: 63 daAuts
